 Dungeon Crawl Stone Soup version 0.32-a0-938-g40ac7a0f4d (webtiles) character file.

Game seed: 17514225959485975883

545 pokeman the Magician (level 7, -1/38 HPs)
             Began as a Deep Elf Hedge Wizard on Apr 15, 2024.
             Succumbed to a water moccasin's poison
             ... on level 4 of the Dungeon.
             The game lasted 00:07:53 (4259 turns).

pokeman the Magician (Deep Elf Hedge Wizard)        Turns: 4259, Time: 00:07:54

Health: -1/38      AC:  4    Str:  7    XL:     7   Next: 6%
Magic:  18/19      EV: 11    Int: 21    God:
Gold:   211        SH:  0    Dex: 14    Spells: 12/20 levels left

rFire   + . .        m - +0 spear (venom)
rCold   . . .        (no shield)
rNeg    . . .        y - +1 leather armour {rF+}
rPois   .            c - +0 hat
rElec   .            (no cloak)
rCorr   +            (no gloves)
SInv    .            (no boots)
Will    .....        v - amulet of magic regeneration
Stlth   ++           s - ring of resist corrosion
HPRegen 0.26/turn    (no ring)
MPRegen 0.56/turn

%: no passive effects
@: lethally poisoned (-1 -> -4), very slightly contaminated
A: no striking features
a: no special abilities


You were on level 4 of the Dungeon.
You visited 1 branch of the dungeon, and saw 5 of its levels.

You collected 211 gold pieces.

Inventory:

Hand Weapons
 m - a +0 spear of venom (weapon)
 w - a +0 whip of electrocution
Armour
 c - a +0 hat (worn)
 y - a +1 leather armour of fire resistance (worn)
Magical Staves
 i - a staff of earth
Jewellery
 s - a ring of resist corrosion (left hand)
 v - an amulet of magic regeneration (around neck)
Wands
 t - a wand of iceblast (10)
Scrolls
 a - a scroll of poison {unknown}
 e - 8 scrolls of identify {unknown}
 h - a scroll of teleportation {unknown}
 j - 2 scrolls of enchant weapon {unknown}
 q - a scroll of torment {unknown}
 r - 2 scrolls of noise {unknown}
 u - a scroll of fog {unknown}
 x - a scroll of immolation {unknown}
Potions
 d - a potion of magic
 f - 2 potions of lignification {unknown}
 g - 2 potions of enlightenment {unknown}
 k - 2 potions of attraction {unknown}
 l - 2 potions of resistance {unknown}
 n - 2 potions of haste {unknown}
 o - a potion of berserk rage {unknown}
 p - a potion of curing {unknown}


   Skills:
 + Level 1.5 Fighting
 - Level 1.0 Armour
 - Level 3.0 Dodging
 - Level 3.0 Stealth
 * Level 7.4 Spellcasting
 + Level 3.4 Conjurations
 - Level 1.1 Summonings
 - Level 1.1 Translocations
 - Level 1.2 Air Magic
 + Level 2.1 Earth Magic
 - Level 1.2 Alchemy
 - Level 1.7 Evocations


You had 12 spell levels left.
You knew the following spells:

 Your Spells              Type           Power      Damage    Failure   Level
a - Magic Dart            Conj           88%        1d7       3%          1
b - Mephitic Cloud        Conj/Alch/Air  16%        N/A       16%         3
c - Call Imp              Summ           24%        N/A       12%         2
d - Blink                 Tloc           24%        N/A       12%         2

Your spell library contained the following spells:

 Spells                   Type           Power      Damage    Failure   Level
 Momentum Strike          Conj/Tloc      34%        3d8       8%          2
 Slow                     Hex            28%        N/A       12%         1
 Lesser Beckoning         Tloc           24%        N/A       12%         2
 Cigotuvi's Dreadful Rot  Necr/Alch/Air  22%        N/A       13%         2
 Call Canine Familiar     Summ           12%        N/A       24%         3
 Sigil of Binding         Hex            7%         N/A       36%         3
 Dimensional Bullseye     Hex/Tloc       5%         N/A       69%         4
 Dispersal                Tloc           6%         N/A       100%        6
 Gell's Gavotte           Tloc           6%         2d(14-20) 100%        6
 Manifold Assault         Tloc           6%         N/A       100%        7
 Disjunction              Tloc           6%         N/A       100%        8


Dungeon Overview and Level Annotations

Branches:
Dungeon (5/15)
 Temple: D:4-7

Altars:
Gozag
The Shining One

Annotations:
D:1 Loot behind rock


Message History

Press: ? - help, Shift-Dir - straight line, f/p - water moccasin
Aim: a water moccasin (lightly wounded, ally target, 100% to hit)
The magic dart hits the water moccasin.
The water moccasin is moderately wounded.
You feel sick.
Unknown command.
Casting: Magic Dart (safe; 3% risk of failure)
Confirm with . or Enter, or press ? or * to list all spells.
You miscast Call Imp.
You are very lightly contaminated with residual magic.
Nothing appears to happen.
You feel sick. The water moccasin closely misses you.
Your cerulean imp barely misses the water moccasin.
Casting: Call Imp (safe; 12% risk of failure)
Confirm with . or Enter, or press ? or * to list all spells.
A tiny devil pulls itself out of the air.
You feel sick.
You are no longer poisoned.
Your cerulean imp disappears in a puff of smoke!
The water moccasin completely misses you.
The water moccasin bites you.
You are poisoned.
The water moccasin poisons you!
You swap places.
You feel sick.
The water moccasin bites your cerulean imp!
Your cerulean imp hits the water moccasin but does no damage.
You see here a +0 giant club.
Unknown command.
You feel sick.
The water moccasin bites your cerulean imp.
Your cerulean imp dies!
Your cerulean imp disappears in a puff of smoke!
You see here a +0 club.
You feel sick.
There is a stone staircase leading up, spattered with blood here.
You see here a +0 short sword.
You feel sick. The water moccasin bites you.
* * * LOW HITPOINT WARNING * * *
You climb upwards.
You die...

#.#########.#.....# #.# #.#...#.#
#.# ####.#####.# #.#
#..........######## ########.#
#######............ .........#
#........<......... #######..#
#.#######..........
.....<#..######.## #............
.#..............@####.#..........
.#.##........##........#########.
##.##...####.##..####............
.#.##........##..# ###.########.
.#.##...#######..# ###..........
.#.##............# #.....######.
.#.##.##########.####......## ##
.#.##..............##.......#####
.#.####.########...##.....#.#....


There were no monsters in sight!

Vanquished Creatures
  A black bear (D:4)
  An ogre (D:5)
  4 orc priests
  A bombardier beetle (D:4)
  Ijyb (D:5)
  2 orc wizards (D:3)
  6 adders
  A dart slug (D:4)
  A ribbon worm (D:5)
  13 orcs
  6 endoplasms
  3 giant cockroaches
  7 goblins
  7 hobgoblins
  3 jackals (D:3)
  3 quokkas (D:1)
  13 ball pythons
  6 bats
  3 frilled lizards
  6 kobolds
  6 rats
94 creatures vanquished.

Notes
Turn   | Place    | Note
-------+----------+-------------------------------------------
     0 | D:1      | pokeman the Deep Elf Hedge Wizard began the quest for the
                  | Orb.
     0 | D:1      | Reached XP level 1. HP: 10/10 MP: 7/7
   304 | D:1      | Reached XP level 2. HP: 16/16 MP: 6/9
   881 | D:1      | Found a faded altar of an unknown god.
  1261 | D:2      | Found a glowing golden altar of the Shining One.
  1316 | D:2      | Reached skill level 5 in Spellcasting
  1568 | D:2      | Reached XP level 3. HP: 20/20 MP: 6/11
  1572 | D:2      | Learned a level 3 spell: Mephitic Cloud
  1575 | D:2      | Learned a level 2 spell: Call Imp
  1578 | D:2      | Learned a level 2 spell: Blink
  1920 | D:2      | Reached skill level 1 in Fighting
  1920 | D:2      | Reached skill level 1 in Armour
  2267 | D:3      | Reached XP level 4. HP: 23/25 MP: 4/13
  2570 | D:3      | Reached skill level 6 in Spellcasting
  2570 | D:3      | Reached XP level 5. HP: 29/29 MP: 8/15
  2801 | D:3      | Reached skill level 1 in Evocations
  3044 | D:3      | Found an opulent altar of Gozag.
  3308 | D:4      | Noticed an ice beast
  3827 | D:4      | Noticed a black bear
  3842 | D:4      | Killed a black bear
  3843 | D:4      | Reached skill level 1 in Air Magic
  3843 | D:4      | Reached skill level 1 in Earth Magic
  3843 | D:4      | Reached skill level 1 in Alchemy
  3843 | D:4      | Reached XP level 6. HP: 29/34 MP: 17/17
  4106 | D:5      | Entered Level 5 of the Dungeon
  4106 | D:5      | Noticed Ijyb
  4129 | D:5      | Reached skill level 7 in Spellcasting
  4132 | D:5      | Killed Ijyb
  4138 | D:5      | Reached XP level 7. HP: 16/38 MP: 17/19
  4258 | D:5      | HP: 1/38 [water moccasin (6)]
  4259 | D:4      | Succumbed to a water moccasin's poison

Illustrated notes

Levels and vault maps discovered:
D:1:      reono_arrival_forest_river, layout_basic,
          chequers_ecumenical_altar_simple, minmay_misc_feat_enclosed,
          reono_crystal_passage, item_on_display_a
D:2:      layout_basic, basic_altar, corexii_corridor_pit, minmay_door_square,
          kennysheep_generic_room_6
D:3:      layout_basic, nicolae_gozag_cash_rules_everything_around_me
D:4:      layout_basic
D:5:      layout_rooms, minmay_temple_entry_stoned_glass, uniq_ijyb,
          uniq_crazy_yiuf_cottage

Skill      XL: |  1  2  3  4  5  6 |
---------------+-------------------+-----
Spellcasting   | 5 6 7 |  7.4
Fighting       | 1 |  1.5
Armour         | 1 |  1.0
Conjurations   | 2 3 |  3.4
Stealth        | 3 |  3.0
Dodging        | 3 |  3.0
Evocations     | 1 |  1.7
Air Magic      | 1 |  1.2
Earth Magic    | 1 2 |  2.1
Alchemy        | 1 |  1.2
Summonings     | |  1.1
Translocations | |  1.1

Action                     |  1- 3 |  4- 6 |  7- 9 || total
---------------------------+-------+-------+-------++-------
  Melee: Dagger            |     4 |       |       ||     4
         Spear             |    10 |    72 |     3 ||    85
   Cast: Magic Dart        |   110 |    72 |     3 ||   185
         Mephitic Cloud    |       |    10 |       ||    10
         Call Imp          |       |     1 |     2 ||     3
         Blink             |       |     1 |       ||     1
   Stab: Confused          |       |     3 |     1 ||     4
 Armour: Robe              |    17 |    25 |       ||    42
         Leather armour    |       |       |     3 ||     3
  Dodge: Dodged            |    19 |    41 |     2 ||    62

Table legend: (Time is in decaauts)
 A = Elapsed time spent in this place.
 B = Non-inter-level travel time spent in this place.
 C = Inter-level travel time spent in this place.
 D = Time resting spent in this place.
 E = Time spent auto-exploring this place.
 F = Levels seen in this place.
 G = Mean time per level.
                   A        B        C        D        E       F      G
               +--------+--------+--------+--------+--------+-----+--------+
         Total |   4267 |   4146 |    121 |      4 |   3567 |   5 |  853.4 |
       Dungeon |   4267 |   4146 |    121 |      4 |   3567 |   5 |  853.4 |
               +--------+--------+--------+--------+--------+-----+--------+

Top non-repeatable levels by time:
     D:3: 1261 daAuts
     D:1: 1215 daAuts
     D:2: 881 daAuts
     D:4: 755 daAuts
     D:5: 155 daAuts
